 Dungeon Crawl Stone Soup version 0.28.0-53-g5a82cb258f (webtiles) character file.

Game seed: 13869466534082115633

1805 DildoBatman the Magician (level 9, -6/67 (68) HPs)
             Began as a Formicid Conjurer on June 30, 2022.
             Mangled by Erica
             ... wielding a +2 scimitar of flaming
              (7 damage)
             ... on level 8 of the Dungeon.
             The game lasted 00:18:41 (6570 turns).

DildoBatman the Magician (Formicid Conjurer)        Turns: 6570, Time: 00:18:41

HP:   -6/67 (68)    AC: 10    Str: 12    XL:     9   Next: 31%
MP:   19/19         EV: 12    Int: 18    God:
Gold: 441           SH:  4    Dex: 13    Spells: 19/22 levels left

rFire   + . .      SeeInvis +   a - +2 falchion (holy)
rCold   . . .      Faith    .   M - +0 buckler
rNeg    + + .      Spirit   .   B - +2 robe {rN+}
rPois   +          Reflect  .   (helmet unavailable)
rElec   .          Harm     .   i - +2 cloak {rPois}
rCorr   .          Rampage  .   J - +0 pair of gloves
Will    .....                   o - +0 pair of boots
Stlth   ++........              (no amulet)
HPRegen 0.21/turn               f - ring of protection from fire
MPRegen 0.16/turn               y - ring of positive energy

@: lightly drained
A: permanent stasis, dig shafts and tunnels, antennae 3, four strong arms
a: Dig, Shaft Self


You were on level 8 of the Dungeon.
You visited 2 branches of the dungeon, and saw 9 of its levels.

You collected 441 gold pieces.

Inventory:

Hand Weapons
 a - a +2 falchion of holy wrath (weapon)
 b - a +0 dagger of venom
 z - a +1 falchion of freezing
 E - a +0 hunting sling
Missiles
 c - 289 stones (quivered)
 h - 33 sling bullets
 C - 22 poisoned darts
 F - 36 bolts
Armour
 i - a +2 cloak of poison resistance (worn)
 o - a +0 pair of boots (worn)
 B - a +2 robe of positive energy (worn)
 J - a +0 pair of gloves (worn)
 M - a +0 buckler (worn)
Jewellery
 f - a ring of protection from fire (left hand)
 v - a ring of ice
 y - a ring of positive energy (right hand)
 D - a ring of flight
 O - a ring of fire
Wands
 q - a wand of paralysis (11)
 t - a wand of iceblast (17)
 K - a wand of flame (16)
Scrolls
 e - a scroll of blinking {unknown}
 l - 2 scrolls of fog
 m - a scroll of teleportation {unknown}
 s - a scroll of silence {unknown}
 u - a scroll of amnesia {unknown}
 w - 2 scrolls of identify {unknown}
 x - a scroll of torment {unknown}
 A - 2 scrolls of vulnerability {unknown}
 H - 3 scrolls of enchant armour {unknown}
 N - a scroll of fear {unknown}
Potions
 d - 4 potions of curing {unknown}
 g - 2 potions of resistance {unknown}
 j - 4 potions of heal wounds {unknown}
 k - 2 potions of brilliance {unknown}
 n - a potion of magic {unknown}
 p - 2 potions of attraction {unknown}
 r - a potion of haste {unknown}
 G - 2 potions of flight {unknown}
 I - 2 potions of lignification {unknown}
 L - a potion of ambrosia {unknown}


   Skills:
 - Level 5.0 Fighting
 - Level 6.0 Armour
 - Level 2.4 Dodging
 - Level 2.4 Stealth
 * Level 1.4 Shields
 - Level 7.0 Spellcasting
 - Level 6.0 Conjurations


You had 19 spell levels left.
You knew the following spells:

 Your Spells              Type           Power      Damage    Failure   Level
a - Searing Ray           Conj           54%        2d6       1%          2
c - Magic Dart            Conj           100%       1d8       1%          1

Your spell library contained the following spells:

 Spells                   Type           Power      Damage    Failure   Level
 Shock                    Conj/Air       68%        1d7       3%          1
 Dazzling Flash           Conj/Hex       34%        N/A       12%         3
 Call Imp                 Summ           6%         N/A       21%         2
 Call Canine Familiar     Summ           6%         N/A       36%         3
 Portal Projectile        Hex/Tloc       12%        N/A       36%         3
 Fulminant Prism          Conj/Hex       8%         3d7       36%         4
 Iskenderun's Mystic Bla  Conj/Tloc      17%        2d5       36%         4
 Sticky Flame             Conj/Fire      17%        2d4       36%         4
 Airstrike                Air            3%         N/A       78%         4
 Cause Fear               Hex            3%         N/A       78%         4
 Leda's Liquefaction      Hex/Erth       3%         N/A       78%         4
 Starburst                Conj/Fire      8%         6d4       99%         6
 Summon Cactus Giant      Summ           3%         N/A       100%        6
 Dragon Form              Tmut           3%         N/A       100%        7
 Dragon's Call            Summ           3%         N/A       100%        9
 Swiftness                Air            Unusable   N/A       N/A         3

Dungeon Overview and Level Annotations

Branches:
Dungeon (8/15)             Temple (1/1) D:4
   Lair: D:8-11

Altars:
Ashenzari
Cheibriados
Elyvilon
Fedhas
Gozag
Hepliaklqana
Makhleb
Nemelex Xobeh
Okawaru
Ru
Sif Muna
Trog
Uskayaw
Vehumet
Wu Jian
Xom
Yredelemnul
Zin

Shops:
D:1 [

Annotations:
D:2 exclusion: orc warrior
D:3 1 exclusion
D:5 1 exclusion
D:6 3 runed translucent doors, hal2100's ghost, novice DsAK
D:7 Joseph
D:8 Erica


Innate Abilities, Weirdness & Mutations

You cannot be hasted, slowed, berserked, paralysed or teleported.
You can dig through walls and to a lower floor.
You have a pair of large antennae on your head. (SInv)
Your four strong arms can wield two-handed weapons with a shield.


Message History

You block Erica's attack. What are your orders? t - Shout!
Orders for allies: a - Attack new target. r - Retreat! s - Stop attacking. g - Guard the area. f - Follow me.
Anything else - Cancel.
You shout for attention!
The bullfrog hits you but does no damage.
Erica screams, "Do you want it fast or slow?!"
Erica barely misses you. What are your orders? t - Shout!
Orders for allies: a - Attack new target. r - Retreat! s - Stop attacking. g - Guard the area. f - Follow me.
Anything else - Cancel.
You shout for attention!
The bullfrog hits you but does no damage.
Erica hits you with a +2 scimitar of flaming.
Erica burns you. What are your orders? t - Shout!
Orders for allies: a - Attack new target. r - Retreat! s - Stop attacking. g - Guard the area. f - Follow me.
Anything else - Cancel.
You shout for attention!
The bullfrog hits you. x2
Erica hits you but does no damage. What are your orders? t - Shout!
Orders for allies: a - Attack new target. r - Retreat! s - Stop attacking. g - Guard the area. f - Follow me.
Anything else - Cancel.
You shout for attention!
The bullfrog hits you.
Erica hits you with a +2 scimitar of flaming!
You die...

...... #.###...# ......
#.....#.# .....#
#######.# ....# #.# .
...###########'#..
#######....[...........
#.........>..........#.
#....................#
#.....@@.?.....?.......
#######F...............
#..............##
#..........$...#
#.........(....#
#..............#
#........[.....#
#..........!..
...)..!......


You could see Erica (invisible) and a bullfrog.

Vanquished Creatures
  2 ice beasts (D:6)
  A black bear (D:7)
  A hornet zombie (D:7)
  4 ogres
  A phantom (D:7)
  A kobold brigand (D:7)
  2 scorpions
  A wyvern skeleton (D:6)
  2 centaur skeletons (D:7)
  5 hounds
  4 orc priests
  2 iguanas
  5 orc wizards
  A killer bee zombie (D:8)
  4 gnolls
  11 adders
  An ufetubus (D:5)
  A worm (D:2)
  11 dart slugs
  16 orcs
  11 ball pythons
  4 endoplasms
  8 giant cockroaches
  2 goblins
  7 hobgoblins
  3 jackals
  18 kobolds
  4 quokkas
  4 bats
  A frilled lizard (D:1)
  6 rats
144 creatures vanquished.

Vanquished Creatures (others)
  A bat (D:1)
1 creature vanquished.

Grand Total: 145 creatures vanquished

Notes
Turn   | Place    | Note
-------+----------+-------------------------------------------
     0 | D:1      | DildoBatman the Formicid Conjurer began the quest for the
                  | Orb.
     0 | D:1      | Reached XP level 1. HP: 13/13 MP: 3/3
   151 | D:1      | Found Orydwuoch's Antique Armour Emporium.
   163 | D:1      | Reached XP level 2. HP: 8/19 MP: 0/5
   166 | D:1      | Learned a level 2 spell: Searing Ray
   545 | D:1      | Reached XP level 3. HP: 24/24 MP: 3/6
  1066 | D:2      | Reached skill level 5 in Conjurations
  1066 | D:2      | Reached XP level 4. HP: 30/30 MP: 0/7
  1167 | D:2      | Reached XP level 5. HP: 29/35 MP: 2/8
  1465 | D:2      | Reached skill level 1 in Fighting
  1503 | D:2      | Reached skill level 1 in Armour
  1643 | D:3      | Found a faded altar of an unknown god.
  1850 | D:3      | Reached XP level 6. HP: 43/43 MP: 4/9
  2009 | D:3      | Noticed an orc warrior
  2462 | D:4      | Reached skill level 3 in Spellcasting
  2544 | D:4      | Found a staircase to the Ecumenical Temple.
  2551 | Temple   | Entered the Ecumenical Temple
  3396 | D:4      | Noticed an ogre
  3402 | D:4      | Killed an ogre
  3403 | D:4      | Reached skill level 4 in Spellcasting
  3403 | D:4      | Reached XP level 7. HP: 22/50 MP: 2/13
  3668 | D:5      | Entered Level 5 of the Dungeon
  4127 | D:5      | Reached skill level 5 in Spellcasting
  4310 | D:4      | HP: 1/50 [orc warrior/+0 glaive (11)]
  4723 | D:5      | Reached skill level 6 in Spellcasting
  4723 | D:5      | Reached XP level 8. HP: 40/56 MP: 9/17
  4871 | D:6      | Got the Volume of Confrontation and Creation
  4920 | D:6      | Found a runed translucent gate.
  4921 | D:6      | Found a runed translucent gate.
  4922 | D:6      | Found a runed translucent gate.
  4923 | D:6      | Noticed hal2100's ghost (novice DsAK)
  4924 | D:6      | Noticed a two-headed ogre
  5015 | D:6      | Reached skill level 7 in Spellcasting
  5639 | D:7      | Reached XP level 9. HP: 42/66 MP: 10/19
  5660 | D:7      | Noticed Joseph
  5753 | D:7      | Reached skill level 5 in Fighting
  5753 | D:7      | Reached skill level 5 in Armour
  5830 | D:7      | Reached skill level 1 in Shields
  6547 | D:8      | Noticed Erica
  6570 | D:8      | HP: 1/67 [bullfrog (3)]
  6570 | D:8      | Mangled by Erica

Illustrated notes

Levels and vault maps discovered:
D:1:      dpeg_arrival_stonehenge_8_columns, layout_basic, serial_shops,
          nicolae_shop_advertising_works [nicolae_subvault_shop_adworks],
          lemuel_old_faithful
D:2:      layout_rooms
D:3:      layout_basic, ebering_ecumenical_altar_rust, st_stairs_5,
          chequers_mini_garden
D:4:      layout_layer_cave, minmay_temple_entry_junction
D:5:      kennysheep_slugbush, layout_rooms
D:6:      layout_basic, gammafunk_ghost_split
D:7:      layout_basic, uniq_joseph
D:8:      layout_basic, enter_bailey_5, serial_curves, eino_curves_01,
          eino_curves_02, minmay_misc_feat_ornament, uniq_erica
Temple:   dpeg_five_rooms_temple

Skill      XL: |  1  2  3  4  5  6  7  8  9 |
---------------+----------------------------+-----
Conjurations   | 4 5 6 |  6.0
Fighting       | 1 2 4 5 |  5.0
Armour         | 1 2 4 6 |  6.0
Spellcasting   | 4 6 7 |  7.0
Dodging        | 2 |  2.4
Shields        | 1 |  1.4
Stealth        | |  2.4

Action                   |  1- 3 |  4- 6 |  7- 9 || total
-------------------------+-------+-------+-------++-------
Melee: Unarmed           |    14 |       |       ||    14
       Dagger            |    19 |    37 |     3 ||    59
       Short sword       |     6 |       |       ||     6
       Falchion          |       |    20 |    50 ||    70
       Punch             |       |     3 |       ||     3
Throw: Stone             |       |     3 |       ||     3
 Cast: Magic Dart        |    52 |    59 |    90 ||   201
       Searing Ray       |     4 |     9 |    37 ||    50
 Abil: Dig               |       |       |     3 ||     3
  Use: Scroll            |       |     1 |       ||     1
 Stab: Sleeping          |     3 |     1 |       ||     4
Armor: Robe              |    12 |    12 |    49 ||    73
Dodge: Dodged            |    26 |    47 |    88 ||   161
Block: Buckler           |       |       |     2 ||     2
